 Dungeon Crawl Stone Soup version 0.20.1-1-g8b1a95d (webtiles) character file.

193 Gargoyl the Skirmisher (level 5, -2/72 HPs)
             Began as a Minotaur Abyssal Knight on Aug 17, 2017.
             Was a Believer of Lugonu.
             Slain by Crazy Yiuf
             ... wielding a +4 quarterstaff of chaos
              (7 damage)
             ... on level 3 of the Dungeon.
             The game lasted 00:05:01 (2952 turns).

Gargoyl the Skirmisher (Minotaur Abyssal Knight)    Turns: 2952, Time: 00:05:02

Health: -2/72      AC:  6    Str: 22    XL:     5   Next: 43%
Magic:  5/5        EV: 11    Int:  9    God:    Lugonu [**....]
Gold:   145        SH:  0    Dex: 10    Spells: 4/4 levels left

rFire    . . .     SeeInvis .   a - +1 hand axe
rCold    . . .     Gourm    .   (no shield)
rNeg     . . .     Faith    .   j - +1 ring mail
rPois    +         Spirit   .   (helmet restricted)
rElec    .         Reflect  .   (no cloak)
rCorr    .         Harm     .   (no gloves)
MR       .....                  (no boots)
Stlth    ..........             (no amulet)
Regen    0.3/turn               d - ring of poison resistance
MPRegen  0.1/turn               (no ring)

@: berserking, lethally poisoned (-2 -> -9), about to teleport, drained, very
quick
A: retaliatory headbutt, horns 2
a: Depart the Abyss, Bend Space, Renounce Religion


You were on level 3 of the Dungeon.
You worshipped Lugonu.
Lugonu was pleased with you.
You were not hungry.

You visited 1 branch of the dungeon, and saw 4 of its levels.
You visited the Abyss 1 time.

You collected 145 gold pieces.

Inventory:

Hand Weapons
 a - a +1 hand axe (weapon)
Missiles
 p - 8 tomahawks (quivered)
Armour
 j - a +1 ring mail (worn)
Jewellery
 d - a ring of poison resistance (left hand)
 n - an uncursed ring of wizardry {unknown}
 o - an uncursed ring of wizardry {unknown}
Wands
 k - a wand of paralysis (24/24)
Potions
 b - a potion of invisibility {unknown}
 e - a potion of curing {unknown}
 m - 2 potions of heal wounds {unknown}
Comestibles
 c - 3 bread rations
 f - a meat ration
 g - 2 royal jellies
 i - a fruit
 s - a chunk of flesh


   Skills:
 + Level 5.1(4.8) Fighting
 + Level 3.9(3.6) Axes
 * Level 3.9(3.5) Armour
 + Level 2.1(1.8) Dodging
 * Level 2.3(2.0) Invocations


You had 4 spell levels left.
You didn't know any spells.

Dungeon Overview and Level Annotations

Branches:
Dungeon (4/15)
 Temple: D:4-7

Altars:
Kikubaaqudgha
Nemelex Xobeh
Xom

Annotations:
D:2 2 transporters
D:3 Crazy Yiuf


Innate Abilities, Weirdness & Mutations

You reflexively headbutt those who attack you in melee.
You have a pair of horns on your head.


Message History

You hit Crazy Yiuf but do no damage.
Crazy Yiuf is heavily wounded.
Crazy Yiuf hits you with a quarterstaff of chaos!
You feel strangely unstable.
A red film seems to cover your vision as you go berserk!
You feel yourself moving faster!
You feel mighty!
Crazy Yiuf hits you with a quarterstaff of chaos.
* * * LOW HITPOINT WARNING * * *
You barely miss Crazy Yiuf.
Crazy Yiuf is heavily wounded.
Crazy Yiuf flaps his cloak.
Crazy Yiuf hits you with a quarterstaff of chaos!
* * * LOW HITPOINT WARNING * * *
You are lethally poisoned!
You barely miss Crazy Yiuf.
Crazy Yiuf is heavily wounded.
* * * LOW HITPOINT WARNING * * *
You feel sick.
Crazy Yiuf hits you with a quarterstaff of chaos!
You die...

.#.####.#..# #....#
.#..#...#.)# #....#
.#..#.###..# ##...#
..<...#....# ##.##
...........# ##.#
........#### #.##
..........## ##.#
#######....# #.##
############ ....<......#
#@# #.........>#
#######....# #.g.#
#.......##.. ####.# #...#
#....######. ##########.#
#)..# #....##≈≈♣##
...........# #####
#....'≈♣♣#♣≈ .########..#
#....#≈♣#♣≈♣ .#
#..###########...##♣†♣≈♣#
.#
#.....##.#.......#♣#♣≈†≈♣
.#
#.....##..)..(...#≈♣#♣≈♣≈


You could see Crazy Yiuf.

Vanquished Creatures
  Jessica (D:2)
  5 adders
  3 gnolls
  A white imp (Abyss:1)
  3 oozes
  A worm (D:2)
  A dart slug (D:1)
  2 leopard geckos
  7 orcs (D:3)
  5 giant cockroaches
  7 hobgoblins
  4 jackals (D:1)
  3 quokkas (D:3)
  4 ball pythons
  4 bats
  4 frilled lizards
  7 kobolds
  3 rats
65 creatures vanquished.

Notes
Turn   | Place    | Note
-------+----------+-------------------------------------------
     0 | Abyss:1  | Gargoyl the Minotaur Abyssal Knight began the quest for the Orb.
     0 | Abyss:1  | Reached XP level 1. HP: 19/19 MP: 1/1
    87 | Abyss:1  | Noticed a glowing orange brain
    88 | D:1      | Escaped the Abyss
   356 | D:1      | Reached XP level 2. HP: 22/27 MP: 2/2
   359 | D:1      | Reached skill level 4 in Fighting
   532 | D:1      | Reached * piety under Lugonu
   776 | D:1      | Reached XP level 3. HP: 33/33 MP: 3/3
  1034 | D:2      | Noticed Jessica
  1041 | D:2      | Killed Jessica
  1067 | D:2      | Reached XP level 4. HP: 41/41 MP: 4/4
  1068 | D:2      | Noticed a hornet
  1074 | D:2      | Noticed an ice beast
  1076 | D:2      | Noticed a black bear
  1076 | D:2      | Found a transporter.
  1076 | D:2      | Noticed a black bear
  1082 | D:2      | Found a shimmering altar of Xom.
  1083 | D:2      | Found a sparkling altar of Nemelex Xobeh.
  1123 | D:2      | Found a transporter.
  1188 | D:2      | Found an ancient bone altar of Kikubaaqudgha.
  1213 | D:2      | Reached ** piety under Lugonu
  1545 | D:3      | Found a runed door.
  2373 | D:3      | Reached skill level 5 in Fighting
  2453 | D:3      | Reached XP level 5. HP: 19/48 MP: 5/5
  2941 | D:3      | Noticed Crazy Yiuf
  2952 | D:3      | Slain by Crazy Yiuf

Skill      XL: |  1  2  3  4  5 |
---------------+----------------+-----
Fighting       | 4 5 |  5.1
Axes           | 3 |  3.9
Armour         | 3 |  3.9
Invocations    | 2 |  2.3
Dodging        | 2 |  2.1

Action                   |  1- 3 |  4- 6 || total
-------------------------+-------+-------++-------
Melee: Hand axe          |    58 |   109 ||   167
       Headbutt          |    14 |    14 ||    28
Invok: Depart the Abyss  |     1 |       ||     1
  Use: Potion            |     1 |     1 ||     2
       Scroll            |     2 |     6 ||     8
  Eat: Chunk             |       |     7 ||     7
Armor: Leather armour    |     8 |    22 ||    30
       Ring mail         |    15 |    16 ||    31
Dodge: Dodged            |    48 |   108 ||   156
